 Dungeon Crawl Stone Soup version 0.25-a0-797-g0023389 (webtiles) character file.

Game seed: 7623633446236550245, levelgen mode: deterministic

14 BlueFish the Magician (level 2, -4/19 HPs)
             Began as a Mummy Wizard on Apr 17, 2020.
             Slain by a hobgoblin
             ... wielding a +0 club
              (5 damage)
             ... on level 1 of the Dungeon on Apr 18, 2020.
             The game lasted 00:03:33 (513 turns).

BlueFish the Magician (Mummy Wizard)                 Turns: 513, Time: 00:03:34

Health: -4/19      AC: -1    Str: 10    XL:     2   Next: 27%
Magic:  2/7        EV: 12    Int: 17    God:
Gold:   9          SH:  0    Dex: 10    Spells: 7/10 levels left

rFire    x . .     SeeInvis .   e - +0 whip
rCold    + . .     Gourm    .   (no shield)
rNeg     + + +     Faith    .   a - +0 robe
rPois    ∞         Spirit   .   b - +0 hat
rElec    .         Reflect  .   (no cloak)
rCorr    .         Harm     .   (no gloves)
MR       .....                  (no boots)
Stlth    ++........             (no amulet)
HPRegen  0.06/turn              d - -3 ring of protection (curse)
MPRegen  0.10/turn              (no ring)

@: no status effects
A: no food or potions, fire vulnerability, cold resistance 1, negative energy
resistance 3, torment resistance, unbreathing
a: no special abilities


You were on level 1 of the Dungeon.
You were not hungry.

You visited 1 branch of the dungeon, and saw 1 of its levels.

You collected 9 gold pieces.

Inventory:

Hand Weapons
 e - a +0 whip (weapon)
Armour
 a - a +0 robe (worn)
 b - a +0 hat (worn)
Jewellery
 d - a cursed -3 ring of protection (left hand)


   Skills:
 * Level 0.1 Fighting
 * Level 1.6 Dodging
 * Level 1.6 Stealth
 * Level 4.7 Spellcasting
 + Level 0.7 Conjurations
   Level 0.7 Summonings
 + Level 0.7 Translocations


You had 7 spell levels left.
You knew the following spells:

 Your Spells              Type           Power        Failure   Level  Hunger
a - Magic Dart            Conj           #...         11%         1    N/A
b - Blink                 Tloc           N/A          17%         2    N/A

Your spell library contained the following spells:

 Spells                   Type           Power        Failure   Level  Hunger
 Call Imp                 Summ           #.......     17%         2    N/A
 Slow                     Hex            #.......     22%         2    N/A
 Conjure Flame            Conj/Fire      #.......     36%         3    N/A
 Mephitic Cloud           Conj/Pois/Air  #.......     36%         3    N/A

Dungeon Overview and Level Annotations

Branches:
Dungeon (1/15)

Altars:


Innate Abilities, Weirdness & Mutations

You do not eat or drink.
Your flesh is vulnerable to fire.
You are immune to poison.
Your flesh is cold resistant. (rC+)
You are immune to negative energy. (rN+++)
You are immune to unholy pain and torment.
You can survive without breathing.


Message History

The kobold is moderately wounded.
The hobgoblin shouts!
The kobold closely misses you. The bat hits you.
* * * LOW HITPOINT WARNING * * *
The bat barely misses you. The bat hits you.
* * * LOW HITPOINT WARNING * * *
The bat closely misses you. The bat barely misses you. The bat hits you.
* * * LOW HITPOINT WARNING * * *
The bat hits you.
* * * LOW HITPOINT WARNING * * *
Items here: $ ( ? ÷ 26 stones; 10 gold pieces; a scroll labeled BATANA DAFEURGH; a kobold skeleton The bat barely misses you.
A giant cockroach comes into view.
The bat barely misses you. The hobgoblin hits you with a +0 club.
You die...

#.....<......#.#####..###>##
#.#.........###g.....## ##.##
#............#.####.## ##.#
###((..8....#.# #.# #.# #
#(....♣...#######g## ##.. #.
#.........##..g.)..## ##.##
#.###.........##)#####..###...#
...#..#.........##.#####....÷##.#
.......l#####.Kb@s...!...(...# .#
.....>#.#####.(g##.##.#...#..##..
......#.#..g........#.#..÷.......
............l............##......
......#.#...........#.#........#.
.........####...##.......##.##.#
)........ #.........##....# .#
...##.##.# .......######.#### .#
##.#.. #.##.#...#.# #..


You could see a giant cockroach, 2 hobgoblins, a bat, a kobold and a frilled
lizard.

Vanquished Creatures
  An ooze (D:1)
  A bat (D:1)
  2 hobgoblins (D:1)
  A ball python (D:1)
  2 frilled lizards (D:1)
  3 kobolds (D:1)
  A rat (D:1)
11 creatures vanquished.

Notes
Turn   | Place    | Note
-------+----------+-------------------------------------------
     0 | D:1      | BlueFish the Mummy Wizard began the quest for the Orb.
     0 | D:1      | Reached XP level 1. HP: 13/13 MP: 5/5
   343 | D:1      | Reached XP level 2. HP: 12/19 MP: 0/7
   347 | D:1      | Learned a level 2 spell: Blink
   347 | D:1      | Upgraded the game from 0.25-a0-785-gb22c70e to
                  | 0.25-a0-797-g0023389
   513 | D:1      | Slain by a hobgoblin

Levels and vault maps discovered:
D:1:      wander_arrival_peaceful_grave, layout_loops_cross, serial_park_tiny_2

Action                   || total
-------------------------++-------
 Cast: Magic Dart        ||    31
Dodge: Dodged            ||    15

Table legend:
 A = Non-vault XP
 B = Vault XP
 C = Vault XP percentage of total XP
 D = Non-vault monster count
 E = Vault monster count
 F = Vault count percentage of total count
                 A         B        C        D         E       F
            +---------+---------+-------+---------+---------+-------
      Total |      20 |       0 |   0.0 |      11 |       0 |   0.0
            +---------+---------+-------+---------+---------+-------
        D:1 |      20 |       0 |   0.0 |      11 |       0 |   0.0
            +---------+---------+-------+---------+---------+-------
